 Dungeon Crawl Stone Soup version 0.29.1-12-g30fa7ad0bf (webtiles) character file.

Game seed: 12928332104769957539

11685 sanboga the Severer (level 11, 0/154 HPs)
             Began as a Minotaur Berserker on Jan 12, 2023.
             Was a High Priest of Trog.
             Killed by mirror damage (8 damage)
             ... on level 10 of the Dungeon.
             The game lasted 00:10:55 (9721 turns).

sanboga the Severer (Minotaur Berserker)            Turns: 9721, Time: 00:10:56

Health: 0/154      AC: 24    Str: 27    XL:     11   Next: 52%
Magic:  10/10      EV:  9    Int:  4    God:    Trog [*****.]
Gold:   442        SH:  0    Dex:  9    Spells: 10/10 levels left

rFire   . . .      SeeInvis .   a - +2 battleaxe
rCold   . . .      Faith    .   (shield currently unavailable)
rNeg    . . .      Spirit   .   j - +0 plate armour
rPois   .          Reflect  .   (helmet restricted)
rElec   .          Harm     .   C - +0 cloak
rCorr   .          Rampage  .   f - +0 pair of gloves
Will    .....                   w - +1 pair of boots
Stlth   ..........              (no amulet)
HPRegen 0.35/turn               c - +4 ring of protection
MPRegen 0.12/turn               y - ring of flight

@: berserking (expiring), flying, very quick
A: horns 2, retaliatory headbutt
a: Renounce Religion, Berserk, Trog's Hand, Brothers in Arms


You were on level 10 of the Dungeon.
You worshipped Trog.
Trog was extremely pleased with you.
You visited 1 branch of the dungeon, and saw 10 of its levels.
You also visited: Sewer.

You collected 442 gold pieces.

Inventory:

Hand Weapons
 a - a +2 battleaxe (weapon)
Armour
 f - a +0 pair of gloves (worn)
 j - a +0 plate armour (worn)
 w - a +1 pair of boots (worn)
 C - a +0 cloak (worn)
Jewellery
 c - a +4 ring of protection (left hand)
 y - a ring of flight (right hand)
Wands
 b - a wand of mindburst (12)
 p - a wand of charming (14)
 v - a wand of quicksilver (6)
 B - a wand of iceblast (25)
Scrolls
 e - 2 scrolls of fear
 h - a scroll of summoning {unknown}
 i - 8 scrolls of teleportation {unknown}
 l - a scroll of blinking {unknown}
 n - 3 scrolls of immolation {unknown}
 q - 2 scrolls of vulnerability {unknown}
 s - 2 scrolls of enchant weapon
 z - a scroll of enchant armour
 D - a scroll of amnesia {unknown}
Potions
 d - 3 potions of heal wounds
 g - 3 potions of resistance
 k - 6 potions of curing
 m - a potion of haste
 o - 2 potions of mutation {unknown}
 r - 4 potions of cancellation
 t - a potion of invisibility {unknown}
 u - a potion of lignification {unknown}
 x - 6 potions of might {unknown}
 A - a potion of attraction {unknown}


   Skills:
 + Level 11.6 Fighting
 * Level 15.2 Axes
 + Level 11.3 Armour
 - Level 4.3 Dodging


You had 10 spell levels left.
You didn't know any spells.
Your spell library was empty.

Dungeon Overview and Level Annotations

Branches:
Dungeon (10/15)            Temple (0/1) D:4            Lair (0/5) D:10
  Sewer (visited)
    Orc: D:9-12

Altars:
Cheibriados
Elyvilon
Kikubaaqudgha
Makhleb
Okawaru
Ru
Uskayaw
Zin


Innate Abilities, Weirdness & Mutations

You have a pair of horns on your head.
You reflexively headbutt those who attack you in melee.


Message History

You are too injured to fight recklessly!
You hit the death knight but do no damage.
The death knight is heavily wounded.
You hit the skeletal warrior.
The death knight offers itself to Yredelemnul, and fills with unholy energy.
The skeletal warrior hits you but does no damage.
You barely miss the death knight.
The death knight is heavily wounded.
You hit the skeletal warrior but do no damage.
You hit the death knight.
The death knight is heavily wounded.
You barely miss the skeletal warrior.
The death knight reflects your damage back at you!
The death knight mumbles some strange prayers to Yredelemnul against you.
Your body is wracked with pain!
* * * LOW HITPOINT WARNING * * *
The skeletal warrior hits you with a +0 mace!!
* * * LOW HITPOINT WARNING * * *
You barely miss the death knight.
The death knight is heavily wounded.
You slash the skeletal warrior!
The death knight hits you with a +3 great mace.
* * * LOW HITPOINT WARNING * * *
The skeletal warrior hits you but does no damage.
You slash the death knight! You headbutt the death knight.
The death knight is severely wounded.
You barely miss the skeletal warrior.
The death knight reflects your damage back at you!
* * * LOW HITPOINT WARNING * * *
You barely miss the death knight. Your headbutt misses the death knight.
The death knight is severely wounded.
You slice the skeletal warrior!!
You destroy the skeletal warrior!
Trog accepts your kill. The death knight closely misses you.
You furiously retaliate!
You headbutt the death knight, but do no damage.
You slash the death knight!
The death knight is almost dead.
The death knight reflects your damage back at you!
You die...

###.....### ###..
###.....### ###....
###.....### ##......
##......#####........
####..##.....#..........
........................
...........>............
........................
..?...)@..............))
.......p...............<
........................
...............>........
....................))..
..$.....................
#################.......
#....... #......#


You could see a death knight (reflects damage).

Vanquished Creatures
  2 centaur warriors
  A two-headed ogre (D:9)
  3 death yaks
  A skeletal warrior (D:10)
  An ugly thing (D:9)
  Joseph (D:7)
  An unseen horror (shapeshifter) (D:10)
  A freezing wraith (D:10)
  A yaktaur (D:10)
  Psyche (D:10)
  A troll (D:9)
  Grinder (Sewer)
  A shadow (D:10)
  A wraith (D:10)
  A wyvern (D:8)
  9 yaks (D:9)
  A steam dragon (D:9)
  2 water moccasins
  3 orc warriors
  A sky beast (D:7)
  2 ice beasts
  A black bear (D:6)
  2 phantoms
  2 kobold brigands (Sewer)
  2 bullfrogs
  2 scorpions (D:4)
  14 wights
  5 killer bees (D:8)
  A howler monkey (D:7)
  6 jellies
  3 gnoll boudas
  4 hounds
  7 orc priests
  Crazy Yiuf (D:7)
  3 iguanas
  8 orc wizards
  2 hell rats
  14 gnolls
  7 adders
  A river rat (D:9)
  5 shadow imps
  A white imp (D:8)
  5 ufetubi
  3 dart slugs (D:1)
  2 worms
  27 orcs
  7 bats
  9 endoplasms
  11 giant cockroaches
  8 goblins
  12 hobgoblins
  13 jackals
  6 quokkas
  10 ball pythons
  4 frilled lizards
  2 giant cockroach zombies (Sewer)
  21 kobolds
  A kobold zombie (Sewer)
  8 rats
276 creatures vanquished.

Vanquished Creatures (others)
  An orc (D:10)
1 creature vanquished.

Grand Total: 277 creatures vanquished

Notes
Turn   | Place    | Note
-------+----------+-------------------------------------------
     0 | D:1      | sanboga the Minotaur Berserker began the quest for the Orb.
     0 | D:1      | Reached XP level 1. HP: 19/19 MP: 0/0
    44 | D:1      | Reached XP level 2. HP: 22/27 MP: 1/1
   268 | D:1      | Reached skill level 4 in Axes
   294 | D:1      | Reached ** piety under Trog
   312 | D:1      | Reached XP level 3. HP: 31/33 MP: 2/2
   429 | D:1      | You fall into a shaft and drop 1 floor!
   432 | D:2      | Found a faded altar of an unknown god.
   442 | D:2      | Found an ancient bone altar of Kikubaaqudgha.
  1016 | D:2      | Reached XP level 4. HP: 36/40 MP: 3/3
  1044 | D:2      | Identified the +6 sling of Resourcefulness {vorpal, Fly}
  1883 | D:3      | Found a white marble altar of Elyvilon.
  2059 | D:3      | Reached *** piety under Trog
  2075 | D:3      | Found a glowing drain.
  2078 | D:3      | Reached XP level 5. HP: 47/47 MP: 4/4
  2081 | Sewer    | Entered a sewer
  2170 | Sewer    | Found an ancient bone altar of Kikubaaqudgha.
  2198 | Sewer    | Reached skill level 5 in Fighting
  2198 | Sewer    | Reached skill level 5 in Axes
  2390 | Sewer    | Noticed Grinder
  2407 | Sewer    | Killed Grinder
  2408 | Sewer    | Reached XP level 6. HP: 56/56 MP: 5/5
  2512 | Sewer    | Reached XP level 7. HP: 47/62 MP: 6/6
  2616 | Sewer    | Reached skill level 6 in Axes
  2625 | Sewer    | Reached skill level 5 in Armour
  2870 | D:3      | Found a glowing silver altar of Zin.
  3176 | D:4      | Found a staircase to the Ecumenical Temple.
  3568 | D:4      | Reached skill level 7 in Axes
  3866 | D:4      | Reached **** piety under Trog
  3900 | D:5      | Entered Level 5 of the Dungeon
  4131 | D:5      | Found a hide-covered altar of Uskayaw.
  4222 | D:5      | Found an iron altar of Okawaru.
  4248 | D:5      | Found a sacrificial altar of Ru.
  4549 | D:6      | Reached XP level 8. HP: 71/71 MP: 7/7
  4561 | D:6      | Reached skill level 8 in Axes
  5192 | D:7      | Reached skill level 9 in Axes
  5264 | D:7      | Noticed Joseph
  5284 | D:7      | Killed Joseph
  5285 | D:7      | Reached skill level 10 in Axes
  5285 | D:7      | Reached XP level 9. HP: 13/81 MP: 8/8
  5946 | D:7      | Found a runed translucent door.
  5947 | D:7      | Noticed Crazy Yiuf
  6259 | D:7      | Killed Crazy Yiuf
  6369 | D:8      | Reached skill level 11 in Axes
  6461 | D:8      | Found a burning altar of Makhleb.
  6774 | D:8      | Found a snail-covered altar of Cheibriados.
  7054 | D:9      | Noticed a two-headed ogre
  7062 | D:9      | Reached skill level 12 in Axes
  7062 | D:9      | Reached XP level 10. HP: 91/91 MP: 9/9
  7062 | D:9      | Killed a two-headed ogre
  7149 | D:9      | Reached ***** piety under Trog
  7325 | D:9      | Reached skill level 10 in Fighting
  7421 | D:9      | Reached skill level 13 in Axes
  7471 | D:9      | Reached skill level 10 in Armour
  7640 | D:9      | Identified the +2 ring mail of Yfax {rC- Will+++}
  8025 | D:10     | Entered Level 10 of the Dungeon
  8028 | D:10     | Noticed a brown ugly thing
  8029 | D:10     | Noticed Psyche
  8178 | D:9      | Killed a brown ugly thing
  8258 | D:10     | Killed Psyche
  8263 | D:10     | Noticed a centaur warrior
  8279 | D:9      | Killed a centaur warrior
  8280 | D:9      | Reached skill level 14 in Axes
  8595 | D:10     | Reached XP level 11. HP: 101/101 MP: 10/10
  8611 | D:10     | Noticed a death yak
  8612 | D:10     | Noticed a death yak
  8613 | D:10     | Found a staircase to the Lair.
  8613 | D:10     | Noticed a death yak
  8636 | D:9      | Killed a death yak
  8749 | D:9      | Killed a death yak
  9002 | D:10     | Killed a death yak
  9465 | D:10     | Noticed a centaur warrior
  9477 | D:10     | Killed a centaur warrior
  9479 | D:10     | Reached skill level 15 in Axes
  9704 | D:10     | Noticed a death knight
  9705 | D:10     | Noticed a skeletal warrior
  9720 | D:10     | Killed a skeletal warrior
  9721 | D:10     | Killed by mirror damage

Illustrated notes

Levels and vault maps discovered:
D:1:      mainiacjoe_arrival_reflecting_pool, layout_rooms
D:2:      minmay_skewed_foursquare, layout_loops_ring,
          hellmonk_ecumenical_altar_leap_of_faith, basic_altar
D:3:      layout_basic, amcnicky_altar_gilded, zin_scriptorium,
          portal_sewer_entry_e, kennysheep_generic_room_4
D:4:      layout_loops_ring, minmay_temple_entry_gardened_gates,
          kennysheep_generic_room_12
D:5:      layout_cave_pools, eat_drink_and_be_merry_uskayaw,
          mainiacjoe_overflow_two_lobes
D:6:      layout_rooms
D:7:      layout_loops_cross, serial_glass, glass_columns_a, glass_columns_a,
          hangedman_decor_points, minmay_crystal_water, uniq_joseph,
          uniq_crazy_yiuf_cottage
D:8:      layout_loops_ring, mainiacjoe_overflow_concentric_impassable,
          old_standard_altar, serial_glass, glass_columns_a, glass_columns_a
D:9:      layout_cave_pods
D:10:     minmay_diamond_stairs, layout_cross, nicolae_tso_swordbearing_angel,
          dpeg_lair_monsters, patterned_corridor, uniq_psyche

Skill      XL: |  1  2  3  4  5  6  7  8  9 10 11 |
---------------+----------------------------------+-----
Axes           | 4 5 7 10 12 14 15 | 15.2
Fighting       | 4 5 6 8 9 10 11 | 11.6
Armour         | 3 4 6 7 9 10 11 | 11.3
Dodging        | 3 4 |  4.3

Action                   |  1- 3 |  4- 6 |  7- 9 | 10-12 || total
-------------------------+-------+-------+-------+-------++-------
Melee: Hand axe          |    83 |   124 |    83 |       ||   290
       Headbutt          |     6 |    16 |    38 |    25 ||    85
       Punch             |     1 |     1 |     3 |       ||     5
       War axe           |       |       |   156 |       ||   156
       Battleaxe         |       |       |    34 |   138 ||   172
Invok: Berserk           |       |     1 |     7 |     3 ||    11
  Use: Scroll            |       |     3 |     9 |       ||    12
       Potion            |       |       |       |     1 ||     1
Armor: Animal skin       |    30 |       |       |       ||    30
       Scale mail        |    16 |    66 |    47 |       ||   129
       Plate armour      |       |       |   106 |   123 ||   229
Dodge: Dodged            |    59 |    92 |   111 |    68 ||   330
